[Event "SixDays Budapest GM-A January 2024"]
[Site "Budapest"]
[Date "2024.01.30"]
[Round "6.3"]
[White "Durak, Can"]
[Black "Pribelszky, Bence"]
[Result "1-0"]
[ECO "A41"]
[WhiteElo "2349"]
[BlackElo "2371"]
[Annotator "RC"]
[PlyCount "45"]
[EventDate "2024.01.26"]
[EventType "tourn"]
[EventCountry "HUN"]
[SourceTitle "playchess.com"]
[Source "ChessBase"]
[SourceQuality "1"]
[TimeControl "5400+30"]

1. d4 d6 2. e4 Nf6 3. Bd3 e5 4. c3 d5 5. dxe5 Nxe4 6. Nf3 Be7 7. Nbd2 Bf5 8. Qe2 Nxd2 9. Bxf5 Nxf3+ 10. Qxf3 g6 11. Bc2 c6 12. O-O Nd7 13. Qh3 Nc5 14. f4 Ne4 15. Be3 f5 16. exf6 Bxf6 17. f5 Qe7 18. Bxe4 dxe4 19. fxg6 hxg6 20. Qg4 g5 21. Rae1 O-O 22. Rf5 Bg7 23. Bc5 1-0

[Event "SixDays Budapest GM-A January 2024"]
[Site "Budapest"]
[Date "2024.01.30"]
[Round "6.4"]
[White "Barrish, Daniel"]
[Black "Castellanos Rodriguez, Renier"]
[Result "1/2-1/2"]
[ECO "B30"]
[WhiteElo "2347"]
[BlackElo "2468"]
[Annotator "TA"]
[PlyCount "113"]
[EventDate "2024.01.26"]
[EventType "tourn"]
[EventCountry "HUN"]
[SourceTitle "playchess.com"]
[Source "ChessBase"]
[SourceQuality "1"]
[TimeControl "5400+30"]

1. e4 c5 2. Nf3 Nc6 3. Bb5 d6 4. O-O Bd7 5. Re1 Nf6 6. c3 a6 7. Bf1 Bg4 8. h3 Bxf3 9. Qxf3 e6 10. d3 Be7 11. Be3 d5 12. exd5 Nxd5 13. Nd2 O-O 14. Nb3 Nxe3 15. Qxe3 Qb6 16. Rad1 a5 17. Rd2 a4 18. Nc1 Qa5 19. a3 b5 20. Rc2 Rac8 21. Qe4 Rfd8 22. Ne2 Qb6 23. d4 cxd4 24. cxd4 Bf6 25. Rec1 Ne7 26. Rxc8 Nxc8 27. Qc6 Qxc6 (27... Bxd4 $2 {is the wrong capture.} 28. Nxd4 Qxd4 29. Qxc8 $18 (29. Bxb5 Na7 $11) (29. Qxb5 Nd6 $14)) 28. Rxc6 Nd6 (28... Bxd4 $2 {loses.} 29. Nxd4 Ne7 30. Rb6 $18) 29. Rb6 Kf8 30. g3 Ke7 {[%emt 0:02:27] Strongly threatening ...Rc8.} 31. Bg2 Rc8 (31... Kd7 $15 32. Bc6+ Kc7) 32. Bc6 $11 Nc4 33. Rb7+ Kf8 34. Bd7 Rd8 35. Bxb5 Nxb2 (35... Nd6 $5 36. Rb6 $8 Nxb5 37. Rxb5 Bxd4 $14) 36. Bc6 Nc4 37. Bxa4 Nxa3 38. Rb4 Be7 39. Rb7 Nc4 40. Rd7 Rc8 41. Bb3 Nd2 42. Ba4 Ne4 43. Kg2 g6 44. Kf3 Nd2+ 45. Kg2 {[%emt 0:00:56] The position is equal.} Rc4 46. Bb5 Rb4 47. Bc6 Nc4 48. Rb7 Rxb7 49. Bxb7 {[%emt 0:00:05][%mdl 4096] Endgame. KBN-KBN} Nd6 50. Bc6 Bd8 51. Kf3 Bb6 52. Ke3 h5 53. Kd3 Ke7 54. g4 hxg4 55. hxg4 Kf6 56. Nc3 Kg5 57. f3 {[%emt 0:01:04] Weighted Error Value: White=0.06 (flawless) /Black=0.06 (flawless) .  Mistake:       	---       	Black=1      Inaccurate:     	White=3     	Black=2      OK:         	White=16    	Black=22     Best:        	White=1     	Black=1} 1/2-1/2

[Event "SixDays Budapest GM-A January 2024"]
[Site "Budapest"]
[Date "2024.01.30"]
[Round "6.5"]
[White "Berczes, David"]
[Black "Karamsetty, Jeevan"]
[Result "1-0"]
[ECO "B08"]
[WhiteElo "2439"]
[BlackElo "2211"]
[Annotator "TA"]
[PlyCount "45"]
[EventDate "2024.01.26"]
[EventType "tourn"]
[EventCountry "HUN"]
[SourceTitle "playchess.com"]
[Source "ChessBase"]
[SourceQuality "1"]
[TimeControl "5400+30"]

1. d4 g6 2. e4 d6 3. Nc3 Bg7 4. Nf3 Nf6 5. Be3 O-O 6. Qd2 a6 7. Bh6 b5 8. Bxg7 Kxg7 9. Bd3 {[%emt 0:00:05] White is slightly better.} Nc6 10. e5 dxe5 11. dxe5 Ng4 12. O-O-O $1 b4 {[%emt 0:13:44] [#]} 13. Rhe1 $1 {[%emt 0:04:23][%cal Oh2h3,Bh1e1,Be1e5,Be5e7][%mdl 32] h3! would now be deadly.} Rb8 $1 (13... bxc3 $6 14. Qxc3 Qe8 15. e6+ Nf6 16. exf7 Rxf7 17. Ng5 $16 (17. Be4 Bb7 $14)) 14. Na4 Qd5 15. b3 $36 {[%emt 0:00:52][%mdl 2048] Hoping for Qf4. White is pushing.} Ncxe5 16. Nxe5 Nxe5 {[%emt 0:00:07] [#]} 17. Bxa6 Qxg2 18. Rxe5 (18. Bxc8 Nf3 $17 (18... Qxh2 $2 19. Rh1 $18) (18... Qxh2 $2 19. Rh1 $18)) 18... Bxa6 (18... Qxh2 $11 19. Rxe7 Bxa6 20. Qd4+ Kg8) 19. Qf4 $1 $14 Bb5 $2 {[%emt 0:12:25] [#] Black cannot hold the game after this.} (19... Bc8 $14) 20. Nc5 $1 $18 Rb6 (20... Qh3 {is a better defense.} 21. Rxe7 Qc3) 21. Rxe7 {[%emt 0:02:28][%cal Od1d8] And now Rd8! would win.} Kg8 $2 {[%emt 0:07:49] [#]} (21... Qh3 22. Qxb4 (22. Rxc7 Rf6 $18) 22... Qh6+ 23. Kb2 Kg8) 22. Rd8 $3 {[%emt 0:03:22][%mdl 512] Intending Rxf8+ and mate.} Bc4 (22... Be8 23. Rdxe8) 23. bxc4 {[%emt 0:01:25] Weighted Error Value: White=0.02 (flawless) /Black=0.56.  Mistake:       	---       	Black=4      Inaccurate:     	---       	Black=1      OK:         	White=5     	Black=6      Best:        	White=1     	Black=1      Strong:       	White=3     	Black=1      Brilliant:      	White=1     	---} 1-0

[Event "SixDays Budapest GM-A January 2024"]
[Site "Budapest"]
[Date "2024.01.31"]
[Round "7.1"]
[White "Karamsetty, Jeevan"]
[Black "Can, Isik"]
[Result "0-1"]
[ECO "B23"]
[WhiteElo "2211"]
[BlackElo "2500"]
[Annotator "TA"]
[PlyCount "74"]
[EventDate "2024.01.26"]
[EventType "tourn"]
[EventCountry "HUN"]
[SourceTitle "playchess.com"]
[Source "ChessBase"]
[SourceQuality "1"]
[TimeControl "5400+30"]

1. e4 c5 2. Nc3 a6 3. g3 b5 4. Bg2 Bb7 5. d3 e6 6. Nh3 Be7 7. O-O Nc6 8. Be3 Qc7 {[%emt 0:08:50] The position is equal.} 9. a4 b4 10. Nb1 Nf6 11. Nd2 a5 12. Re1 h5 13. Bf4 e5 14. Bg5 Ng4 15. Bxe7 Nxe7 16. Nc4 d6 17. Ne3 ({White should try} 17. f3 $11 Nf6 18. f4) 17... Nxe3 $15 18. Rxe3 f6 19. f4 O-O-O 20. c3 Qb6 21. Nf2 Kb8 22. Rc1 exf4 {[%emt 0:08:32] Black is more active.} 23. gxf4 g5 24. fxg5 fxg5 25. d4 Ng6 26. cxb4 (26. Qd2 $17 {was worth a try.}) 26... cxb4 $19 ({Worse is} 26... Qxb4 27. e5 Qxd4 28. Rb3 $16) ({And not} 26... cxd4 27. Rb3 Ne5 (27... axb4 $2 {too greedy.} 28. Rc4 $18) 28. bxa5 $16) (26... axb4 27. Qd2 $17) 27. Rg3 (27. Rf3 $17) 27... Nf4 28. Nh3 (28. Qd2 $142) 28... Nxg2 29. Rxg2 g4 30. Nf2 Rdf8 31. Qd3 Rf7 32. Qb5 Qxd4 33. Qxa5 $2 {[%emt 0:00:08] [#]} (33. Rd1 $19 Qe3 (33... Qxb2 $2 34. Qxa5 Rc7 35. Nxg4 $19) 34. Qd3 Qxd3 35. Nxd3) 33... Rhf8 34. Rf1 Qxe4 35. Qd8+ Rxd8 (35... Ka7 $142 36. Qa5+ Kb8 37. Qd8+ Rxd8 38. Nxe4 Rxf1+ 39. Kxf1 Bxe4) 36. Nxe4 Rxf1+ 37. Kxf1 Bxe4 {[%emt 0:00:04] Weighted Error Value: White=0.42/Black=0.21 (precise) .  Mistake:       	White=5     	---        Inaccurate:     	White=2     	Black=1      OK:         	White=9     	Black=14     Best:        	---       	Black=2} 0-1

[Event "SixDays Budapest GM-A January 2024"]
[Site "Budapest"]
[Date "2024.01.31"]
[Round "7.2"]
[White "Castellanos Rodriguez, Renier"]
[Black "Berczes, David"]
[Result "0-1"]
[ECO "D02"]
[WhiteElo "2468"]
[BlackElo "2439"]
[Annotator "TA"]
[PlyCount "108"]
[EventDate "2024.01.26"]
[EventType "tourn"]
[EventCountry "HUN"]
[SourceTitle "playchess.com"]
[Source "ChessBase"]
[SourceQuality "1"]
[TimeControl "5400+30"]

1. d4 d5 2. Nf3 Nf6 3. c4 e6 4. cxd5 exd5 5. Nc3 c6 6. Bg5 h6 7. Bh4 Bf5 8. e3 Nbd7 9. Bd3 {[%emt 0:00:22] D35: Queen's Gambit Declined: Exchange Variation.} Bxd3 10. Qxd3 Bd6 11. O-O O-O 12. Nd2 Re8 $146 ({Predecessor:} 12... Qc7 13. Bg3 Bxg3 14. hxg3 a5 15. b3 Qd6 16. Qf5 Rfe8 17. Qf4 Qe6 18. Rac1 Ne4 19. Ncxe4 dxe4 {½-½ Jakab,A (2244)-Pataki,G (2249) HUN-ch U16 Paks 1999 (4)}) 13. Rae1 Qb6 14. Rb1 a5 15. Rfc1 Qd8 16. Nf1 Nf8 17. f3 Ne6 18. Rc2 g5 19. Bf2 Bf8 20. Rd1 Qd7 21. Ng3 Rad8 22. Na4 b5 23. Nc3 Rc8 24. Nf5 h5 25. h3 h4 26. Rcd2 (26. Rdc1 $14) 26... Nh5 $11 27. Ne2 $1 Neg7 28. Nh6+ Kh8 29. Ng4 Bd6 30. e4 f5 31. Ne5 dxe4 32. Qe3 f4 33. Qxe4 Qf5 34. Nc3 Ng3 35. Qxf5 N7xf5 36. Nf7+ Kg8 37. Nxg5 Bb4 38. Nge4 Nxe4 39. fxe4 Bxc3 40. bxc3 Rxe4 41. d5 Ne3 42. Bxe3 ({Better is} 42. Re1 $11 cxd5 43. Bxe3 Rxe3 44. Rf1) 42... fxe3 $15 43. Re2 Rd8 $1 44. Rd3 (44. g4 $15) 44... Rxd5 $19 ({Weaker is} 44... cxd5 45. Rexe3 Rxe3 46. Rxe3 $11) 45. Rdxe3 Rxe3 46. Rxe3 Rd2 47. Re6 $2 (47. a3 $17) 47... Rxa2 $19 48. Rxc6 a4 49. Ra6 Kf7 50. g4 (50. Kf1 $142 Rc2 51. Ra7+ Ke6 52. Ra5) 50... hxg3 $19 51. h4 Rc2 52. Ra5 Kg6 ({Not} 52... Rxc3 53. Rxb5 Kg8 54. Rg5+ Kh8 55. Ra5 $11) 53. h5+ Kxh5 54. Rxb5+ Kg4 0-1

[Event "SixDays Budapest GM-A January 2024"]
[Site "Budapest"]
[Date "2024.01.31"]
[Round "7.3"]
[White "Pribelszky, Bence"]
[Black "Barrish, Daniel"]
[Result "1/2-1/2"]
[ECO "A08"]
[WhiteElo "2371"]
[BlackElo "2347"]
[Annotator "TA"]
[PlyCount "104"]
[EventDate "2024.01.26"]
[EventType "tourn"]
[EventCountry "HUN"]
[SourceTitle "playchess.com"]
[Source "ChessBase"]
[SourceQuality "1"]
[TimeControl "5400+30"]

1. Nf3 d5 2. g3 c5 3. Bg2 Nf6 4. O-O e6 5. c4 d4 6. e3 Nc6 7. exd4 cxd4 8. d3 Be7 {[%emt 0:01:44] A13: English Opening: 1...e6.} 9. Re1 Nd7 10. Na3 e5 11. Rb1 O-O 12. Nc2 a5 13. b3 Rb8 14. a3 b5 15. cxb5 Rxb5 16. Nd2 Qc7 17. Nc4 $146 ({Predecessor:} 17. a4 Rb8 18. Nc4 Bb4 19. Nxb4 Nxb4 20. Ba3 Re8 21. f4 Ba6 22. Bxb4 axb4 23. Nxe5 Nxe5 {½-½ McNab,C (2460)-Grant,J (2255) SCO-chT1 Scotland 1994}) 17... Bd6 (17... f6 $1 $11) 18. a4 (18. b4 $14) 18... Rb8 $11 19. f4 Bb7 (19... exf4 20. Nxd6 Qxd6 21. Bxf4 $11 (21. gxf4 Bb7 $17)) (19... Ba6 $15) 20. N2a3 ({Better is} 20. Nxd6 $1 $14 Qxd6 21. Ba3) 20... Bb4 (20... exf4 $2 21. Nb5 $18) 21. Nb5 Qd8 22. Bd2 exf4 23. Bxf4 Bxe1 24. Bxb8 (24. Qxe1 {with more complications.} Re8 25. Qd1 Nce5 26. Bxb7 Rxb7 27. Nbd6) 24... Qxb8 (24... Ncxb8 $11 {remains equal.} 25. Bxb7 (25. Qxe1 Bxg2 26. Kxg2 Nc6 $11) 25... Bb4) 25. Qxe1 $16 Nc5 26. Qd2 Rd8 (26... g6 $11) 27. Rf1 $14 Ne5 28. Bxb7 Nxb7 29. Qf4 (29. Nxa5 Nc5 $11) 29... f6 30. Nxe5 (30. Nxd4 Qa7 31. Nxe5 Qxd4+ 32. Qxd4 Rxd4 $11) 30... Qxe5 31. Qxe5 fxe5 32. Rc1 Nd6 33. Nxd6 Rxd6 34. Rc5 e4 (34... Rb6 35. Rb5 (35. Rxa5 Rxb3 36. Rxe5 Rxd3 $11) 35... Re6 (35... Rxb5 $2 36. axb5 Kf7 37. b6 $18) 36. Rxa5 $18) 35. Kf1 $1 (35. Rxa5 exd3 36. Kf2 Re6 $19) 35... e3 36. Rxa5 Rc6 37. Rd5 Rc1+ $1 38. Ke2 Rc2+ 39. Ke1 (39. Kf3 Rf2+ 40. Kg4 (40. Ke4 $2 e2 $19) 40... Rf6 (40... Rxh2 41. Rxd4 Rb2 42. Kf3 $16) (40... e2 41. Re5 $14)) (39. Kd1 $5 Rd2+ $8 40. Ke1 Rxd3 41. a5 Rxb3 42. Rd8+ (42. Rxd4 Ra3 $11) 42... Kf7 43. Rxd4 $14) 39... Rc1+ $1 40. Ke2 Rc2+ 41. Kf3 (41. Ke1 $5 Rc1+ $8 42. Ke2 $11) 41... Rf2+ 42. Kg4 $1 ({Don't go for} 42. Ke4 $2 e2 43. Kxd4 e1=Q $19 (43... e1=B 44. Re5 $11)) 42... Rf1 ({Don't play} 42... Rxh2 $6 43. Rxd4 Rb2 44. Kf3 $16) ({Much weaker is} 42... e2 43. Re5 $14) 43. Re5 $1 Rb1 44. a5 Rxb3 45. Re4 Rxd3 46. a6 Ra3 47. Kf3 Rxa6 48. Rxd4 Ra2 49. h3 e2 50. Re4 Kf7 51. Rxe2 Rxe2 52. Kxe2 Ke6 1/2-1/2

[Event "SixDays Budapest GM-A January 2024"]
[Site "Budapest"]
[Date "2024.01.31"]
[Round "7.4"]
[White "Nagy, Gabor"]
[Black "Durak, Can"]
[Result "1/2-1/2"]
[ECO "D40"]
[WhiteElo "2450"]
[BlackElo "2349"]
[Annotator "TA"]
[PlyCount "35"]
[EventDate "2024.01.26"]
[EventType "tourn"]
[EventCountry "HUN"]
[SourceTitle "playchess.com"]
[Source "ChessBase"]
[SourceQuality "1"]
[TimeControl "5400+30"]

1. d4 Nf6 2. c4 e6 3. Nc3 d5 4. Nf3 c5 5. Bf4 cxd4 6. Nxd4 Nc6 7. e3 Be7 8. Be2 O-O 9. Nxc6 {[%emt 0:03:05] The position is equal.} bxc6 10. O-O Bd6 11. Bxd6 Qxd6 12. Qc2 a5 13. Rfd1 Ba6 14. Rac1 Qe5 15. b3 dxc4 16. bxc4 Rab8 17. h3 g6 18. Rb1 {[%emt 0:05:23] Weighted Error Value: White=0.05 (flawless) /Black=0.09 (flawless) .  OK:         	White=7     	Black=2} 1/2-1/2

[Event "SixDays Budapest GM-A January 2024"]
[Site "Budapest"]
[Date "2024.01.31"]
[Round "7.5"]
[White "Sedlak, Nikola"]
[Black "Pham Tran Gia Phuc"]
[Result "0-1"]
[ECO "A06"]
[WhiteElo "2463"]
[BlackElo "2416"]
[Annotator "TA"]
[PlyCount "78"]
[EventDate "2024.01.26"]
[EventType "tourn"]
[EventCountry "HUN"]
[SourceTitle "playchess.com"]
[Source "ChessBase"]
[SourceQuality "1"]
[TimeControl "5400+30"]

1. Nf3 d5 2. e3 c5 3. b3 Nf6 4. Bb2 g6 5. Bb5+ Bd7 6. Bxf6 exf6 7. Bxd7+ Qxd7 8. d4 {[%emt 0:00:21] The position is equal.} Bg7 9. Nc3 f5 10. Ne2 Nc6 11. c3 b6 12. O-O O-O 13. Qd3 Rfd8 14. Rfd1 Rac8 15. Rac1 {[%emt 0:00:44] [#]} c4 $1 16. bxc4 (16. Qc2 Na5) 16... dxc4 17. Qb1 ({Much weaker is} 17. Qxc4 Nxd4 18. Qa6 Nxe2+ 19. Qxe2 Rxc3 $17) 17... Ne7 18. Nf4 Bh6 19. Re1 Bxf4 20. exf4 Nd5 21. g3 f6 (21... a5 $17 22. h4 b5) 22. Nd2 $15 Kg7 23. Qb2 b5 24. Nf1 Re8 25. Ne3 Nxe3 26. fxe3 a5 27. a3 Rb8 {[%emt 0:01:00] White is weak on the light squares} 28. Rb1 Qd6 29. Re2 Rb7 30. Qc1 Ree7 31. Kf2 Rec7 32. Rc2 Qe7 33. Rd2 Rd7 34. Ra1 b4 35. axb4 axb4 36. cxb4 Rxb4 37. Qa3 Rdb7 {[%emt 0:06:27] And now ...Qe4 would win.} 38. d5 $1 Qe4 39. Qc3 $2 {[%emt 0:05:49][%mdl 8192] [#]} (39. d6 $11 Rb3 40. Qc5) 39... Rb1 {[%emt 0:01:34] Weighted Error Value: White=0.28 (precise) /Black=0.06 (flawless) .  Loses game:     	White=1     	---        Mistake:       	---       	Black=1      Inaccurate:     	White=4     	Black=1      OK:         	White=10    	Black=14     Best:        	White=2     	Black=2      Strong:       	White=1     	---} 0-1

[Event "SixDays Budapest GM-A January 2024"]
[Site "Budapest"]
[Date "2024.01.31"]
[Round "8.1"]
[White "Can, Isik"]
[Black "Pham Tran Gia Phuc"]
[Result "1/2-1/2"]
[ECO "B42"]
[WhiteElo "2500"]
[BlackElo "2416"]
[Annotator "RC"]
[PlyCount "35"]
[EventDate "2024.01.26"]
[EventType "tourn"]
[EventCountry "HUN"]
[SourceTitle "playchess.com"]
[Source "ChessBase"]
[SourceQuality "1"]
[TimeControl "5400+30"]

1. e4 c5 2. Nf3 e6 3. d4 cxd4 4. Nxd4 a6 5. Bd3 Bc5 6. Nb3 Ba7 7. Qg4 Nf6 8. Qg3 d6 9. Nc3 Nc6 10. a3 Ne5 11. Be2 h5 12. Bg5 h4 13. Bxh4 Nxe4 14. Nxe4 Qxh4 15. Nxd6+ Ke7 16. O-O-O Qxg3 17. Nxc8+ Raxc8 18. fxg3 1/2-1/2

[Event "SixDays Budapest GM-A January 2024"]
[Site "Budapest"]
[Date "2024.01.31"]
[Round "8.2"]
[White "Durak, Can"]
[Black "Sedlak, Nikola"]
[Result "1/2-1/2"]
[ECO "A45"]
[WhiteElo "2349"]
[BlackElo "2463"]
[Annotator "TA"]
[PlyCount "27"]
[EventDate "2024.01.26"]
[EventType "tourn"]
[EventCountry "HUN"]
[SourceTitle "playchess.com"]
[Source "ChessBase"]
[SourceQuality "1"]
[TimeControl "5400+30"]

1. d4 Nf6 2. Bg5 Ne4 3. Bf4 d5 4. e3 e6 5. Nd2 Nxd2 6. Qxd2 Bd6 7. Nf3 b6 8. c3 Ba6 9. Bxa6 Nxa6 10. Qe2 Nb8 11. Bxd6 Qxd6 12. e4 dxe4 13. Qxe4 Qc6 14. Qxc6+ {[%emt 0:00:59] A rather calm draw.   Weighted Error Value: White=0.04 (flawless) /Black=0.05 (flawless) .  OK:         	White=3     	Black=2} 1/2-1/2

[Event "SixDays Budapest GM-A January 2024"]
[Site "Budapest"]
[Date "2024.01.31"]
[Round "8.3"]
[White "Barrish, Daniel"]
[Black "Nagy, Gabor"]
[Result "1/2-1/2"]
[ECO "C50"]
[WhiteElo "2347"]
[BlackElo "2450"]
[Annotator "RC"]
[PlyCount "39"]
[EventDate "2024.01.26"]
[EventType "tourn"]
[EventCountry "HUN"]
[SourceTitle "playchess.com"]
[Source "ChessBase"]
[SourceQuality "1"]
[TimeControl "5400+30"]

1. e4 e5 2. Nf3 Nc6 3. Bc4 Nf6 4. d3 Bc5 5. Nc3 d6 6. Na4 Bb6 7. Nxb6 axb6 8. a3 Be6 9. Bxe6 fxe6 10. c3 O-O 11. O-O Qe8 12. h3 h6 13. b4 Nh5 14. Kh2 Qg6 15. g3 Qf7 16. Nh4 g5 17. Ng2 Qf3 18. Qxf3 Rxf3 19. Be3 Kh7 20. a4 1/2-1/2

[Event "SixDays Budapest GM-A January 2024"]
[Site "Budapest"]
[Date "2024.01.31"]
[Round "8.5"]
[White "Karamsetty, Jeevan"]
[Black "Castellanos Rodriguez, Renier"]
[Result "0-1"]
[ECO "B50"]
[WhiteElo "2211"]
[BlackElo "2468"]
[Annotator "RC"]
[PlyCount "104"]
[EventDate "2024.01.26"]
[EventType "tourn"]
[EventCountry "HUN"]
[SourceTitle "playchess.com"]
[Source "ChessBase"]
[SourceQuality "1"]
[TimeControl "5400+30"]

1. e4 c5 2. Nf3 d6 3. Bc4 Nc6 4. O-O Nf6 5. Re1 Bg4 6. h3 Bh5 7. c3 e6 8. g4 Bg6 9. d4 d5 10. exd5 Nxd5 11. dxc5 Be7 12. Bxd5 exd5 13. Ne5 O-O 14. Nxc6 bxc6 15. Be3 f5 16. Nd2 fxg4 17. hxg4 Bh4 18. Qa4 Qc7 19. Qd4 Rae8 20. Rf1 Bf6 21. Qf4 Qb7 22. Qg3 Qxb2 23. Bf4 Qxc3 24. Rac1 Qxg3+ 25. Bxg3 Re2 26. Nb3 Rxa2 27. Bd6 Re8 28. Rfe1 Re4 29. Rxe4 Bxe4 30. Bc7 Bh4 31. Bg3 Bf6 32. Bc7 d4 33. g5 Bxg5 34. Re1 Bd5 35. Nxd4 Bh4 36. Ne2 Rc2 37. Bd6 a5 38. Ng3 Kf7 39. Ra1 Ba2 40. Ne4 a4 41. Be5 Kg6 42. Bd4 Bd5 43. Nc3 Bxf2+ 44. Bxf2 Rxc3 45. Rxa4 Rc1+ 46. Kh2 Kf5 47. Rh4 g5 48. Rb4 h5 49. Be3 Re1 50. Bg1 h4 51. Rb2 g4 52. Rf2+ Ke5 0-1

[Event "SixDays Budapest GM-A January 2024"]
[Site "Budapest"]
[Date "2024.02.01"]
[Round "9.1"]
[White "Castellanos Rodriguez, Renier"]
[Black "Can, Isik"]
[Result "1-0"]
[ECO "B33"]
[WhiteElo "2468"]
[BlackElo "2500"]
[Annotator "ChessBase"]
[PlyCount "103"]
[EventDate "2024.01.26"]
[EventType "tourn"]
[EventCountry "HUN"]
[SourceTitle "playchess.com"]
[Source "ChessBase"]
[SourceQuality "1"]
[TimeControl "5400+30"]

1. e4 c5 2. Nf3 e6 3. d4 cxd4 4. Nxd4 Nf6 5. Nc3 Nc6 6. Ndb5 d6 7. Bf4 e5 8. Bg5 a6 9. Na3 b5 10. Nd5 Be7 11. Bxf6 Bxf6 12. c3 Bg5 13. Nc2 Rb8 14. Be2 O-O 15. O-O Kh8 16. a3 g6 17. Ncb4 Nxb4 18. axb4 f5 19. Bf3 Bb7 20. Qd3 Rc8 21. Rfd1 Qe8 22. Qe2 f4 23. Bg4 Rc6 24. Qf3 Bc8 25. Qh3 Bxg4 26. Qxg4 Bd8 27. h4 Qf7 28. Rd3 h5 29. Qh3 Rg8 30. b3 g5 31. hxg5 Rxg5 32. Kf1 Rg4 33. Qf3 Qg6 34. Rd2 Rh4 35. Rda2 Rh1+ 36. Ke2 Rxa1 37. Rxa1 Kg7 38. Rh1 h4 39. Kd3 Kf7 40. Ra1 Kf8 41. Qh3 Ke8 42. Rg1 Be7 43. Qf3 Qg5 44. Qh3 Qg6 45. Rc1 Bd8 46. Rc2 Be7 47. Qf3 Bd8 48. Ra2 Bb6 49. Rxa6 Qf7 50. Qg4 f3 51. gxf3 Qb7 52. Ra8+ 1-0

[Event "SixDays Budapest GM-A January 2024"]
[Site "Budapest"]
[Date "2024.02.01"]
[Round "9.2"]
[White "Pribelszky, Bence"]
[Black "Karamsetty, Jeevan"]
[Result "0-1"]
[ECO "C41"]
[WhiteElo "2371"]
[BlackElo "2211"]
[Annotator "ChessBase"]
[PlyCount "56"]
[EventDate "2024.01.26"]
[EventType "tourn"]
[EventCountry "HUN"]
[SourceTitle "playchess.com"]
[Source "ChessBase"]
[SourceQuality "1"]
[TimeControl "5400+30"]

1. e4 e5 2. Nf3 d6 3. d4 exd4 4. Nxd4 Nf6 5. Nc3 Be7 6. Bf4 O-O 7. Qd2 Nc6 8. O-O-O Nxd4 9. Qxd4 Be6 10. f3 a6 11. Kb1 b5 12. Qd2 c5 13. Bxd6 Bxd6 14. Qxd6 Qa5 15. Be2 Rac8 16. Qf4 Rfe8 17. Rhe1 b4 18. Nd5 Bxd5 19. exd5 Nxd5 20. Rxd5 b3 21. Rdd1 Qxa2+ 22. Kc1 Rxe2 23. Rxe2 Qa1+ 24. Kd2 Rd8+ 25. Kc3 Qxd1 26. Qe5 Qd7 27. Re1 Qb5 28. Re4 bxc2 0-1

[Event "SixDays Budapest GM-A January 2024"]
[Site "Budapest"]
[Date "2024.02.01"]
[Round "9.3"]
[White "Nagy, Gabor"]
[Black "Berczes, David"]
[Result "1/2-1/2"]
[ECO "A30"]
[WhiteElo "2450"]
[BlackElo "2439"]
[Annotator "ChessBase"]
[PlyCount "23"]
[EventDate "2024.01.26"]
[EventType "tourn"]
[EventCountry "HUN"]
[SourceTitle "playchess.com"]
[Source "ChessBase"]
[SourceQuality "1"]
[TimeControl "5400+30"]

1. Nf3 Nf6 2. c4 c5 3. g3 b6 4. Bg2 Bb7 5. O-O e6 6. Nc3 Be7 7. d4 cxd4 8. Nxd4 Bxg2 9. Kxg2 g6 10. b3 O-O 11. Bb2 Qc7 12. e4 1/2-1/2

[Event "SixDays Budapest GM-A January 2024"]
[Site "Budapest"]
[Date "2024.02.01"]
[Round "9.4"]
[White "Sedlak, Nikola"]
[Black "Barrish, Daniel"]
[Result "1-0"]
[ECO "A46"]
[WhiteElo "2463"]
[BlackElo "2347"]
[Annotator "ChessBase"]
[PlyCount "83"]
[EventDate "2024.01.26"]
[EventType "tourn"]
[EventCountry "HUN"]
[SourceTitle "playchess.com"]
[Source "ChessBase"]
[SourceQuality "1"]
[TimeControl "5400+30"]

1. d4 Nf6 2. Nf3 d5 3. c3 Bf5 4. Qb3 Qc8 5. c4 dxc4 6. Qxc4 Nbd7 7. g3 c5 8. Nc3 e6 9. Bg2 Ne4 10. Nh4 Nd6 11. Qa4 cxd4 12. Qxd4 Be7 13. O-O O-O 14. Bf4 e5 15. Bxe5 Nxe5 16. Qxe5 Be6 17. Rac1 Bxh4 18. Qxd6 Qd8 19. Qb4 Bg5 20. e3 Rb8 21. Rfd1 Qe7 22. Qxe7 Bxe7 23. Nd5 Bd8 24. h4 g6 25. b3 h5 26. Bf3 Kg7 27. Nc7 a6 28. Nxe6+ fxe6 29. Rd7+ Rf7 30. Rcd1 Bf6 31. Rxf7+ Kxf7 32. Rd7+ Be7 33. Bxb7 Ke8 34. Bc6 Rb6 35. Ba4 Kf7 36. Rc7 Rd6 37. b4 Rd2 38. Bc2 Kf6 39. a3 Bd8 40. Rc6 g5 41. hxg5+ Kxg5 42. Be4 1-0